 Dungeon Crawl Stone Soup version 0.32-a0-675-gdc239d62e1 (webtiles) character file.

Game seed: 11593109219583662158

3057 Querens the Cleaver (level 9, 0/76 (81) HPs)
             Began as a Mountain Dwarf Fighter on Mar 11, 2024.
             Slain by a wight
             ... wielding a +3 scimitar of freezing
              (8 damage)
             ... on level 7 of the Dungeon.
             The game lasted 00:13:49 (4168 turns).

Querens the Cleaver (Mountain Dwarf Fighter)        Turns: 4168, Time: 00:13:50

HP:   0/76 (81)     AC: 16    Str: 24    XL:     9   Next: 57%
MP:   9/9           EV:  8    Int:  8    God:
Gold: 337           SH:  5    Dex:  9    Spells: 8/8 levels left

rFire   . . .        a - +0 war axe
rCold   . . .        c - +0 buckler
rNeg    . . .        r - +0 chain mail
rPois   .            j - +0 helmet
rElec   .            n - +0 cloak {Stlth+}
rCorr   .            N - +1 pair of gloves
SInv    .            (no boots)
Will    .....        K - amulet of regeneration Stlth
                     B - +4 ring of slaying
HPRegen 1.12/turn    (no ring)
MPRegen 0.11/turn

%: no passive effects
@: drained
A: runic magic, artefact enchanting
a: no special abilities


You were on level 7 of the Dungeon.
You visited 1 branch of the dungeon, and saw 7 of its levels.
You also visited: Sewer.

You collected 379 gold pieces.
You spent 42 gold pieces at shops.

Inventory:

Hand Weapons
 a - a +0 war axe (weapon)
 H - a +0 morningstar of draining
Missiles
 I - 2 throwing nets (quivered)
Armour
 c - a +0 buckler (worn)
 j - a +0 helmet (worn)
 n - a +0 cloak of stealth (worn)
 r - a +0 chain mail (worn)
 y - a +0 leather armour of cold resistance
 N - a +1 pair of gloves (worn)
Jewellery
 B - a +4 ring of slaying (left hand)
 E - a +6 ring of intelligence
 J - an amulet of faith
 K - an amulet of regeneration (around neck)
Talismans
 v - a flux talisman
Wands
 L - a wand of charming (12)
Scrolls
 b - a scroll of vulnerability {unknown}
 e - 6 scrolls of identify {unknown}
 g - 3 scrolls of fear {unknown}
 i - a scroll of enchant weapon {unknown}
 k - a scroll of amnesia {unknown}
 l - 3 scrolls of noise {unknown}
 p - a scroll of revelation {unknown}
 q - 4 scrolls of poison {unknown}
 s - a scroll of teleportation
 w - 3 scrolls of immolation {unknown}
 D - a scroll of blinking {unknown}
 F - 2 scrolls of fog {unknown}
Potions
 d - 3 potions of might
 f - a potion of invisibility {unknown}
 h - 3 potions of haste {unknown}
 m - 4 potions of lignification {unknown}
 o - 3 potions of curing {unknown}
 t - a potion of magic {unknown}
 u - 2 potions of enlightenment {unknown}
 x - 4 potions of heal wounds
 z - a potion of mutation {unknown}
 A - a potion of attraction {unknown}
 C - 3 potions of degeneration {unknown}
 G - a potion of ambrosia {unknown}
 M - 2 potions of resistance {unknown}


   Skills:
 + Level 8.1 Fighting
 + Level 8.4 Axes
 + Level 8.1 Armour
 + Level 8.1 Shields


You had 8 spell levels left.
You didn't know any spells.
Your spell library contained the following spells:

 Spells                   Type           Power      Damage    Failure   Level
 Freeze                   Ice            0%         1d3       58%         1
 Jinxbite                 Hex            0%         N/A       73%         2
 Frozen Ramparts          Ice            0%         1d1       91%         3
 Hailstorm                Conj/Ice       0%         3d5       91%         3
 Yara's Violent Unravell  Hex/Alch       0%         3d3       100%        5
 Enfeeble                 Hex            0%         N/A       100%        7


Dungeon Overview and Level Annotations

Branches:
Dungeon (7/15)              Sewer (visited)
 Temple: D:4-7

Altars:

Shops:
D:1 [   D:2 *

Annotations:
D:6 3 runed translucent doors


Innate Abilities, Weirdness & Mutations

Your spellcasting is much less encumbered by armour.
You can use scrolls of enchantment on lesser artefacts.


Message History

You destroy the wight!
You slash the wight! You barely miss the wight.
The wight hits you but does no damage.
Your Shields skill increases to level 8!
You barely miss the wight.
The wight is almost destroyed.
You completely miss the wight. You hit the wight. The wight barely misses you.
The wight hits you but does no damage. The wight closely misses you.
You slash the wight!
You destroy the wight!
You closely miss the wight. You slash the wight! The wight barely misses you.
The wight hits you with a +3 scimitar of freezing!
You feel drained. The wight freezes you.
You are too injured to fight recklessly!
You are too injured to fight recklessly!
You are too injured to fight recklessly!
You barely miss the wight.
The wight is heavily damaged.
You barely miss the wight.
The wight hits you with a +3 scimitar of freezing!
The wight freezes you. The wight barely misses you.
You slash the wight!
You destroy the wight!
You hit the wight but do no damage. The wight hits you but does no damage.
The wight barely misses you.
Items here: )) [[.
You closely miss the wight.
The wight hits you with a +3 scimitar of freezing!
* * * LOW HITPOINT WARNING * * *
The wight freezes you.
* * * LOW HITPOINT WARNING * * *
You closely miss the wight.
The wight hits you with a +3 scimitar of freezing!
* * * LOW HITPOINT WARNING * * *
The wight freezes you.
* * * LOW HITPOINT WARNING * * *
You slash the wight!
The wight is heavily damaged.
The wight hits you with a +3 scimitar of freezing!
You die...

#. # #.
#.#. #.#.#
##....#####
......>>.#
#..#.#.#
#..@z..#
#.##.### ..
#..#
#####.##
##...#
#).###
###.##
#...#
###.###


You could see a wight.

Vanquished Creatures
  Pikel (D:5)
  Prince Ribbit (D:5)
  Sigmund (D:2)
  A water moccasin (D:6)
  2 ice beasts
  A sky beast (D:6)
  A black bear (D:6)
  An orc warrior (D:7)
  An ogre (D:6)
  A lemure (D:5)
  A phantom (D:5)
  A bullfrog (D:7)
  5 scorpions
  7 wights
  A howler monkey (D:5)
  3 bombardier beetles (D:5)
  A jelly (D:6)
  3 orc priests
  3 hounds
  A sleepcap (D:5)
  Crazy Yiuf (D:3)
  Jessica (D:2)
  2 iguanas
  A hell rat (Sewer)
  4 orc wizards
  Terence (D:2)
  2 river rats (Sewer)
  6 adders
  A gnoll (D:1)
  2 ufetubi (D:6)
  4 dart slugs
  17 orcs
  6 ball pythons
  3 endoplasms
  3 giant cockroaches
  10 goblins
  4 hobgoblins
  6 jackals
  A quokka (D:2)
  A bat (D:1)
  A frilled lizard (D:1)
  7 kobolds
  10 rats
131 creatures vanquished.

Vanquished Creatures (others)
  A rat (D:1)
1 creature vanquished.

Grand Total: 132 creatures vanquished

Notes
Turn   | Place    | Note
-------+----------+-------------------------------------------
     0 | D:1      | Querens the Mountain Dwarf Fighter began the quest for the
                  | Orb.
     0 | D:1      | Reached XP level 1. HP: 19/19 MP: 1/1
   160 | D:1      | Reached XP level 2. HP: 22/26 MP: 2/2
   281 | D:1      | Reached XP level 3. HP: 28/33 MP: 3/3
   333 | D:1      | Found Dafeys's Armour Boutique.
   606 | D:2      | Noticed Jessica
   625 | D:2      | Killed Jessica
   626 | D:2      | Reached XP level 4. HP: 3/40 MP: 4/4
   798 | D:2      | Noticed Terence
   806 | D:2      | Killed Terence
   939 | D:2      | Found Jiukkaa's General Store.
   944 | D:2      | Bought a scroll of teleportation for 42 gold pieces
   999 | D:2      | Noticed Sigmund
  1037 | D:2      | Killed Sigmund
  1038 | D:2      | Reached XP level 5. HP: 40/47 MP: 5/5
  1038 | D:2      | Reached XP level 6. HP: 45/53 MP: 6/6
  1266 | D:3      | Found a runed translucent door.
  1267 | D:3      | Noticed Crazy Yiuf
  1285 | D:3      | Killed Crazy Yiuf
  2012 | D:5      | Entered Level 5 of the Dungeon
  2012 | D:5      | Noticed Prince Ribbit
  2020 | D:5      | Killed Prince Ribbit
  2021 | D:5      | Reached skill level 5 in Fighting
  2021 | D:5      | Reached skill level 5 in Axes
  2021 | D:5      | Reached skill level 5 in Armour
  2021 | D:5      | Reached skill level 5 in Shields
  2021 | D:5      | Reached XP level 7. HP: 49/61 MP: 7/7
  2045 | D:5      | Noticed Pikel
  2067 | D:5      | Killed Pikel
  2097 | D:5      | Reached XP level 8. HP: 70/70 MP: 8/8
  2684 | D:5      | Identified the +9 quarterstaff "Gitwy" {flame, Will+ Str+3}
  3476 | D:6      | Reached XP level 9. HP: 69/79 MP: 9/9
  3564 | D:6      | Found a glowing drain.
  3606 | Sewer    | Entered a sewer
  3754 | D:6      | Noticed a rust devil
  3754 | D:6      | Noticed a rust devil
  3909 | D:6      | Found a runed translucent gate.
  3909 | D:6      | Found a runed translucent gate.
  3910 | D:6      | Found a runed translucent gate.
  4168 | D:7      | Slain by a wight

Illustrated notes

Levels and vault maps discovered:
D:1:      psy_arrival_statuary, layout_basic, serial_shops,
          nicolae_shop_tiny_glass
D:2:      layout_basic, serial_shops, nicolae_shop_rolling_square, uniq_sigmund,
          uniq_terence, uniq_jessica
D:3:      layout_loops_ring, uniq_crazy_yiuf_cottage
D:4:      layout_cave_pools
D:5:      layout_basic, serial_rivers, chequers_serial_rivers_small_3,
          chequers_serial_rivers_micro_a, chequers_serial_rivers_micro_a,
          chequers_serial_rivers_small_3, chequers_serial_rivers_large_a,
          hangedman_minor_gate_pass, uniq_pikel, uniq_prince_ribbit1
D:6:      cheibrodos_iron_armory, layout_loops_corners,
          cheibrodos_sewer_entry_drain
D:7:      layout_basic, minmay_temple_entry_nine_rooms

Skill      XL: |  1  2  3  4  5  6  7  8  9 |
---------------+----------------------------+-----
Axes           | 3 4 5 6 7 8 |  8.4
Fighting       | 4 5 6 7 8 |  8.1
Armour         | 4 5 6 7 8 |  8.1
Shields        | 4 5 6 7 8 |  8.1

Action                     |  1- 3 |  4- 6 |  7- 9 || total
---------------------------+-------+-------+-------++-------
  Melee: War axe           |    86 |    89 |   251 ||   426
    Use: Potion            |       |     2 |       ||     2
 Armour: Scale mail        |    69 |    14 |       ||    83
         Chain mail        |       |    64 |   204 ||   268
  Dodge: Dodged            |    53 |    43 |    96 ||   192
  Block: Buckler           |    25 |    20 |    68 ||   113

Table legend: (Time is in decaauts)
 A = Elapsed time spent in this place.
 B = Non-inter-level travel time spent in this place.
 C = Inter-level travel time spent in this place.
 D = Time resting spent in this place.
 E = Time spent auto-exploring this place.
 F = Levels seen in this place.
 G = Mean time per level.
                   A        B        C        D        E       F      G
               +--------+--------+--------+--------+--------+-----+--------+
         Total |   4291 |   3905 |    386 |      6 |      0 |   8 |  536.4 |
       Dungeon |   4203 |   3817 |    386 |      6 |      0 |   7 |  600.4 |
         Sewer |     88 |     88 |      0 |      0 |      0 |   1 |   88.0 |
               +--------+--------+--------+--------+--------+-----+--------+

Top non-repeatable levels by time:
     D:5: 1128 daAuts
     D:6: 871 daAuts
     D:2: 638 daAuts
     D:3: 611 daAuts
     D:1: 501 daAuts
     D:4: 319 daAuts
     D:7: 132 daAuts
   Sewer: 88 daAuts
